Map: Dusk Towers

Players

ILLBdA - Winner!

  • Race: Protoss Protoss
  • League: Diamond

Adonis

  • Race: Protoss Protoss
  • League: Master

VOD

Have the link to the VOD?

Description

Time

  • Played on: Dec. 25, 2015, 6:35 p.m.
  • Length: 20:28
Show
View Real Time Build Order
Export as new Build Order

ILLBdA Protoss - Winner!

Build Orders: Zealot Archon, Dark Templar Rush 

Get SALT Encoding   

  12  0:01  Probe (Chrono Boost)  
  13  0:11  Probe (Chrono Boost)  
  14  0:19  Pylon  
  14  0:22  Probe (Chrono Boost)  
  15  0:37  Probe (Chrono Boost), Gateway  
  16  0:44  Assimilator  
  16  0:48  Probe (Chrono Boost)  
  17  0:58  Probe (Chrono Boost)  
  17  0:59  Assimilator  
  18  1:09  Probe (Chrono Boost)  
  19  1:19  Probe (Chrono Boost)  
  19  1:20  Gateway  
  20  1:26  Cybernetics Core  
  20  1:30  Probe (Chrono Boost)  
  21  1:35  Pylon  
  21  1:40  Probe (Chrono Boost)  
  22  1:53  Probe (Chrono Boost)  
  23  2:03  Probe (Chrono Boost), Twilight Council  
  23  2:06  Warp Gate  
  24  2:17  Adept x2  
  28  2:37  Nexus  
  28  2:51  Dark Shrine  
  28  3:04  Robotics Facility  
  28  3:07  Probe (Chrono Boost)  
  29  3:16  Gateway  
  29  3:24  Gateway  
  27  3:33  Mothership Core (Chrono Boost)  
  29  3:37  Pylon  
  29  3:51  Probe (Chrono Boost), Observer  
  31  4:09  Probe (Chrono Boost)  
  32  4:13  Dark Templar  
  32  4:16  Probe (Chrono Boost)  
  34  4:19  Warp Prism (Chrono Boost)  
  37  4:25  Dark Templar  
  37  4:27  Probe  
  37  4:31  Pylon  
  40  4:34  Probe  
  41  4:40  Probe  
  41  4:44  Probe  
  42  4:52  Probe  
  44  4:55  Dark Templar  
  46  5:14  Probe  
  45  5:17  Probe  
  46  5:26  Probe  
  46  5:27  Charge (Chrono Boost)  
  47  5:35  Probe  
  47  5:39  Gateway  
  47  5:40  Gateway x2, Zealot x4  
  56  5:45  Pylon  
  56  5:46  Probe  
  57  5:52  Immortal (Chrono Boost)  
  57  5:56  Probe  
  59  5:59  Probe  
  61  6:07  Zealot  
  61  6:08  Zealot x2  
  67  6:21  Zealot  
  69  6:31  Pylon  
  69  6:33  Pylon  
  69  6:35  Assimilator  
  69  6:40  Pylon  
  69  6:42  Probe  
  69  6:44  Assimilator  
  70  6:48  Immortal (Chrono Boost)  
  70  6:49  Forge  
  70  6:50  Pylon  
  74  6:59  Zealot x3  
  80  7:16  Dark Templar  
  80  7:17  Dark Templar  
  80  7:21  Photon Cannon  
  84  7:24  Archon  
  84  7:25  Zealot x3  
  90  7:34  Pylon  
  90  7:49  Dark Templar  
  90  7:50  Dark Templar x3  
  98  7:53  Archon  
  98  7:54  Archon  
  98  7:56  Zealot  
  92  8:18  Zealot x3  
  92  8:19  Zealot  
  92  8:36  Dark Templar x4  
  92  8:40  Archon  
  92  8:41  Archon  
  100  8:42  Probe  
  100  8:46  Observer  
  101  8:54  Nexus  
  101  8:55  Probe  
  103  8:57  Protoss Ground Weapons Level 1 (Chrono Boost)  
  103  9:03  Probe  
  103  9:08  Pylon  
  103  9:09  Probe  
  105  9:10  Photon Cannon  
  105  9:17  Robotics Bay  
  105  9:22  Archon  
  105  9:27  Probe x2  
  107  9:33  Robotics Facility  
  107  9:51  Probe  
  108  9:55  Pylon  
  108  10:01  Disruptor (Chrono Boost)  
  108  10:03  Resonating Glaives  
  111  10:07  Gravitic Drive (Chrono Boost)  
  111  10:13  Pylon  
  111  10:14  Zealot x4  
  113  10:15  Zealot  
  121  10:22  Disruptor (Chrono Boost)  
  121  10:24  Probe  
  121  10:26  Probe  
  126  10:30  Assimilator  
  126  10:31  Assimilator  
  126  10:36  Disruptor (Chrono Boost)  
  126  10:42  Dark Templar  
  131  10:46  Probe  
  132  10:54  Disruptor (Chrono Boost)  
  135  10:58  Zealot x3  
  135  11:02  Pylon  
  141  11:08  Templar Archives  
  141  11:10  Protoss Ground Weapons Level 2  
  141  11:20  Immortal (Chrono Boost), Probe  
  141  11:22  Probe  
  141  11:24  Probe  
  148  11:35  Disruptor (Chrono Boost)  
  148  11:39  Zealot  
  153  11:47  Zealot  
  153  11:48  Zealot  
  155  12:09  Dark Templar  
  157  12:19  Pylon  
  157  12:20  Pylon  
  157  12:21  Pylon  
  155  12:25  Disruptor (Chrono Boost)  
  152  12:35  Dark Templar x2  
  156  12:38  Colossus (Chrono Boost)  
  156  12:39  Archon  
  162  12:51  Stargate  
  162  12:53  Stargate  
  162  12:56  Colossus (Chrono Boost)  
  168  13:05  Dark Templar x2  
  167  13:06  Zealot  
  167  13:09  Archon  
  169  13:13  Probe  
  170  13:24  Observer (Chrono Boost)  
  170  13:26  Probe  
  172  13:37  Fleet Beacon  
  172  13:40  Photon Cannon  
  172  13:42  Disruptor (Chrono Boost)  
  172  13:43  Colossus (Chrono Boost)  
  172  13:44  Pylon  
  172  13:46  Nexus  
  178  13:58  Extended Thermal Lance (Chrono Boost)  
  178  14:00  Pylon  
  178  14:01  Pylon x2  
  178  14:09  Dark Templar  
  180  14:19  Probe  
  180  14:21  Probe  
  182  14:28  Pylon  
  182  14:29  Tempest (Chrono Boost)  
  186  14:36  Tempest (Chrono Boost)  
  188  14:53  Gateway, Assimilator  
  188  14:54  Gateway, Assimilator  
  188  15:08  Tempest (Chrono Boost)  
  195  15:19  Pylon  
  195  15:21  Photon Cannon  
  195  15:29  Probe  
  196  15:40  Tempest (Chrono Boost)  
  197  15:44  Probe x2, Nexus  
  197  15:51  Dark Templar  
  197  15:57  Probe  
  200  15:59  Stargate  
  200  16:03  Stargate  
  197  16:33  Dark Templar  
  197  16:36  Dark Templar  
  197  16:38  Photon Cannon  
  200  16:51  Nexus  
  200  16:57  Photon Cannon  
  200  17:07  Photon Cannon  
  200  17:10  Nexus  
  200  17:11  Photon Cannon  
  200  17:12  Pylon, Photon Cannon  
  200  17:14  Photon Cannon  
  190  17:34  High Templar x2  
  190  17:35  High Templar x2  
  192  17:38  Archon  
  192  17:40  High Templar  
  192  17:42  Archon  
  194  17:45  Tempest (Chrono Boost)  
  194  17:50  Tempest (Chrono Boost)  
  190  17:56  Zealot x3  
  196  18:00  Phoenix (Chrono Boost)  
  195  18:36  Tempest  
  187  19:19  Tempest  
  187  19:25  Tempest x2  
Show
View Real Time Build Order
Export as new Build Order

Adonis Protoss 

Build Orders: 1 Gate Expand 

Get SALT Encoding   

  12  0:01  Probe (Chrono Boost)  
  13  0:11  Probe (Chrono Boost)  
  14  0:17  Pylon  
  14  0:24  Probe (Chrono Boost)  
  15  0:36  Probe (Chrono Boost)  
  15  0:37  Gateway  
  16  0:46  Probe (Chrono Boost)  
  18  0:57  Probe (Chrono Boost)  
  18  0:58  Assimilator  
  18  1:07  Probe (Chrono Boost)  
  19  1:21  Nexus  
  19  1:29  Cybernetics Core  
  19  1:32  Probe (Chrono Boost)  
  20  1:39  Assimilator  
  20  1:43  Probe (Chrono Boost)  
  21  1:49  Pylon  
  21  1:53  Probe (Chrono Boost)  
  22  2:08  Mothership Core (Chrono Boost)  
  24  2:12  Adept  
  26  2:26  Probe (Chrono Boost)  
  27  2:32  Warp Gate  
  27  2:33  Probe (Chrono Boost)  
  27  2:36  Probe (Chrono Boost)  
  29  2:40  Robotics Facility  
  29  2:44  Probe (Chrono Boost)  
  30  2:47  Probe (Chrono Boost), Pylon  
  31  2:54  Probe (Chrono Boost)  
  31  2:58  Probe (Chrono Boost)  
  33  3:01  Stalker  
  35  3:06  Probe (Chrono Boost)  
  36  3:14  Probe (Chrono Boost), Pylon  
  36  3:16  Probe (Chrono Boost)  
  38  3:26  Probe x2 (Chrono Boost)  
  40  3:31  Stalker, Observer (Chrono Boost)  
  43  3:44  Probe x2 (Chrono Boost)  
  45  3:52  Twilight Council  
  45  3:53  Forge  
  45  3:54  Probe (Chrono Boost)  
  46  3:56  Gateway  
  46  4:00  Gateway  
  46  4:02  Probe (Chrono Boost)  
  46  4:05  Probe (Chrono Boost)  
  46  4:06  Assimilator  
  47  4:10  Assimilator  
  47  4:13  Probe (Chrono Boost)  
  48  4:22  Probe (Chrono Boost), Warp Prism (Chrono Boost)  
  51  4:24  Probe  
  52  4:36  Probe, Pylon  
  52  4:37  Probe  
  54  4:48  Probe x2, Pylon  
  54  4:50  Pylon  
  54  4:51  Protoss Ground Weapons Level 1 (Chrono Boost)  
  56  4:54  Observer (Chrono Boost), Blink  
  56  5:00  Probe  
  51  5:29  Probe  
  51  5:30  Probe  
  53  5:39  Stalker, Probe  
  53  5:42  Probe  
  57  5:50  Probe  
  57  5:54  Probe  
  58  6:00  Probe, Assimilator  
  58  6:03  Photon Cannon  
  59  6:06  Probe  
  59  6:07  Photon Cannon  
  59  6:11  Probe  
  61  6:18  Probe  
  62  6:30  Stalker x2  
  66  6:38  Immortal (Chrono Boost)  
  70  6:49  Probe  
  70  6:50  Probe  
  70  6:54  Protoss Ground Weapons Level 2  
  72  7:02  Probe  
  72  7:06  Pylon  
  72  7:07  Gateway  
  73  7:08  Gateway  
  73  7:09  Pylon  
  73  7:11  Gateway  
  73  7:12  Gateway  
  73  7:13  Immortal (Chrono Boost)  
  77  7:16  Gateway  
  77  7:17  Templar Archives  
  77  7:20  Sentry  
  79  7:27  Robotics Bay  
  79  7:30  Robotics Facility  
  79  7:35  Zealot x2  
  83  7:46  Zealot  
  83  7:49  Immortal (Chrono Boost)  
  85  8:18  Zealot  
  85  8:24  Pylon  
  85  8:25  Pylon  
  85  8:27  Pylon  
  85  8:29  Pylon  
  85  8:31  Pylon  
  85  8:39  Pylon  
  85  8:42  Colossus (Chrono Boost)  
  85  8:43  High Templar x2  
  85  8:44  High Templar x2  
  85  8:46  Zealot x2  
  103  8:49  Archon x2  
  103  8:56  Protoss Ground Weapons Level 3  
  103  9:03  Pylon  
  103  9:06  Extended Thermal Lance  
  103  9:13  Zealot x2  
  103  9:15  Charge  
  107  9:18  Zealot x3  
  107  9:19  Zealot  
  107  9:23  Zealot  
  117  9:35  Colossus (Chrono Boost)  
  122  9:50  Nexus  
  122  9:51  Probe x2  
  122  9:52  Pylon  
  124  9:55  Pylon  
  124  10:03  Probe x2  
  126  10:15  Probe x2  
  126  10:16  Photon Cannon  
  126  10:19  Assimilator  
  134  10:22  Assimilator  
  134  10:26  Robotics Facility  
  134  10:28  Probe x2  
  136  10:41  Disruptor (Chrono Boost)  
  133  10:45  Stargate  
  133  10:48  Probe x2  
  135  10:55  Forge, Pylon  
  135  11:00  Resonating Glaives  
  135  11:17  Dark Shrine  
  135  11:21  Photon Cannon  
  135  11:24  Protoss Shields Level 1  
  135  11:25  Disruptor (Chrono Boost)  
  141  11:30  Disruptor (Chrono Boost)  
  141  11:40  Protoss Ground Armor Level 1  
  141  11:41  Nexus  
  141  11:42  Oracle  
  141  11:43  Pylon  
  141  11:46  Assimilator  
  144  11:52  Assimilator  
  142  11:56  Disruptor (Chrono Boost)  
  148  12:06  Disruptor (Chrono Boost)  
  146  12:18  Oracle  
  148  12:29  Disruptor (Chrono Boost)  
  154  12:41  Disruptor (Chrono Boost)  
  154  13:00  Disruptor (Chrono Boost)  
  155  13:11  Oracle  
  161  13:17  Disruptor (Chrono Boost)  
  161  13:20  Stalker x6  
  173  13:31  Disruptor (Chrono Boost)  
  176  13:39  Protoss Ground Armor Level 2 (Chrono Boost)  
  176  13:41  Nexus  
  176  13:44  Pylon  
  176  13:45  Protoss Shields Level 2 (Chrono Boost)  
  176  13:47  Pylon  
  179  13:50  Pylon  
  179  13:51  Dark Templar  
  179  13:53  Disruptor (Chrono Boost), Assimilator  
  181  13:58  Assimilator  
  181  14:02  Pylon  
  181  14:04  Pylon x2  
  181  14:06  Pylon  
  181  14:12  Photon Cannon  
  181  14:15  Photon Cannon  
  179  14:22  Photon Cannon  
  179  14:25  Photon Cannon  
  179  14:27  Photon Cannon  
  179  14:31  Photon Cannon  
  179  14:57  Nexus  
  179  15:00  Pylon  
  179  15:26  Nexus  
  179  15:28  Pylon  
  179  15:31  Stargate  
  179  15:32  Stargate  
  179  15:34  Stargate  
  179  15:35  Protoss Air Weapons Level 1  
  179  15:38  Stargate  
  179  15:40  High Templar x2  
  179  15:41  Stargate, High Templar x2  
  179  15:42  Stargate  
  187  15:45  Archon x2  
  187  15:50  Cybernetics Core  
  187  16:05  Photon Cannon  
  187  16:08  Photon Cannon  
  187  16:11  Assimilator  
  182  16:16  Assimilator  
  182  16:31  Zealot x2  
  182  16:32  Zealot x2  
  190  16:33  Zealot  
  157  17:29  Disruptor  
  102  17:36  Void Ray x3 (Chrono Boost)  
  92  17:38  Void Ray (Chrono Boost)  
  92  17:39  Void Ray (Chrono Boost)  
  92  17:40  Void Ray (Chrono Boost)  
  96  17:44  Void Ray (Chrono Boost)  
  93  18:00  Probe  
  93  18:02  Probe  
  93  18:11  High Templar x5  
  93  18:12  Probe  
  104  18:14  Probe  
  104  18:15  High Templar  
  104  18:16  Archon x2  
  111  18:21  Archon  
  111  18:22  Void Ray (Chrono Boost)  
  111  18:24  Probe  
  111  18:26  Probe  
  93  18:36  Probe (Chrono Boost), Void Ray (Chrono Boost)  
  93  18:39  Probe (Chrono Boost)  
  83  18:48  Probe (Chrono Boost)  
  83  18:52  Probe (Chrono Boost)  
  83  18:59  Probe (Chrono Boost)  
  80  19:04  Probe (Chrono Boost)  
  80  19:10  Probe (Chrono Boost)  
Tags
 
Composition
Zealot Archon
Matchup
PvP
Replay Pack
me
Add a new tag
Caveats
  • Supply blocks, unpowered buildings, or Contaminate may cause inaccurate times.
  • Supply counts are checked every 10 seconds.